 Dungeon Crawl Stone Soup version 0.29-a0-472-ge5599a681e (webtiles) character file.

Game seed: 3831163363323724827

77231 spaghetti the Brawler (level 15, -5/137 HPs)
             Began as a Hill Orc Berserker on May 22, 2022.
             Was a High Priest of Cheibriados.
             Slain by an ice devil (10 damage)
             ... summoned by an orc high priest
             ... on level 2 of the Orcish Mines.
             The game lasted 00:39:39 (20669 turns).

spaghetti the Brawler (Hill Orc Berserker)         Turns: 20669, Time: 00:39:39

Health: -5/137     AC: 44    Str: 46    XL:     15   Next: 56%
Magic:  15/15      EV: 11    Int: 23    God:    Cheibriados [*****.]
Gold:   875        SH: 35    Dex: 24    Spells: 14/14 levels left

rFire   . . .      SeeInvis +     - Unarmed
rCold   + . .      Faith    .   f - +18 shield of the Gong {rElec rN+ Will+ EV-5}
rNeg    + . .      Spirit   .   S - +10 plate armour {ponderous}
rPois   .          Reflect  +   r - +0 helmet
rElec   +          Harm     .   q - +0 cloak
rCorr   .          Rampage  .   j - +2 pair of gloves
Will    ++...                   a - +2 pair of boots
Stlth   ..........              h - amulet of Mawutuic {Reflect Fly Str+4 SH+5 SInv}
HPRegen 1.12/turn               I - +4 ring of protection
MPRegen 0.14/turn               D - +4 ring of evasion

@: flying, very slow
A: iridescent scales 1, clever 1, cold resistance 1, regeneration 1
a: Renounce Religion, Convert to Beogh, Bend Time, Temporal Distortion, Slouch,
Step From Time


You were on level 2 of the Orcish Mines.
You worshipped Cheibriados.
Cheibriados was extremely pleased with you.
You visited 4 branches of the dungeon, and saw 22 of its levels.
You visited the Abyss 1 time.
You also visited: Bailey.

You collected 3307 gold pieces.
You spent 2432 gold pieces at shops.


Innate Abilities, Weirdness & Mutations

You are partially covered in iridescent scales. (AC +2)
Your mind is acute. (Int +2)
Your flesh is cold resistant. (rC+)
Your natural rate of healing is unusually fast.


   Skills:
 + Level 13.8 Fighting
 - Level 8.0 Throwing
 + Level 16.4 Armour
 * Level 4.9 Dodging
 * Level 6.5 Shields
 + Level 19.7 Unarmed Combat


You had 14 spell levels left.
You didn't know any spells.
Your spell library contained the following spells:

 Spells                   Type           Power      Damage    Failure   Level
 Foxfire                  Conj/Fire      0%         2x1d4     77%         1
 Freeze                   Ice            0%         1d3       77%         1
 Magic Dart               Conj           0%         1d3       77%         1
 Shock                    Conj/Air       0%         1d3       77%         1
 Summon Small Mammal      Summ           0%         N/A       77%         1
 Blink                    Tloc           0%         N/A       88%         2
 Ensorcelled Hibernation  Hex/Ice        0%         N/A       88%         2
 Passwall                 Tmut/Erth      0%         N/A       88%         2
 Searing Ray              Conj           0%         2d4       88%         2
 Static Discharge         Conj/Air       0%         N/A       88%         2
 Call Canine Familiar     Summ           0%         N/A       98%         3
 Conjure Flame            Conj/Fire      0%         6-21      98%         3
 Gell's Gravitas          Tloc           0%         N/A       98%         3
 Inner Flame              Hex/Fire       0%         N/A       98%         3
 Summon Guardian Golem    Hex/Summ       0%         N/A       98%         3
 Swiftness                Air            0%         N/A       98%         3
 Teleport Other           Tloc           0%         N/A       98%         3
 Anguish                  Hex/Necr       0%         N/A       100%        4
 Corpse Rot               Necr/Pois/Air  0%         N/A       100%        4
 Dispel Undead            Necr           0%         3d6       100%        4
 Flame Wave               Conj/Fire      0%         2d4       100%        4
 Fulminant Prism          Conj/Hex       0%         3d6       100%        4
 Iskenderun's Battlesphe  Conj           0%         2d6       100%        5
 Lightning Bolt           Conj/Air       0%         1d11      100%        5
 Manifold Assault         Tloc           0%         N/A       100%        5
 Death Channel            Necr           0%         N/A       100%        6
 Dispersal                Tloc           0%         N/A       100%        6
 Iron Shot                Conj/Erth      0%         9d1       100%        6
 Spellforged Servitor     Conj/Summ      0%         N/A       100%        7
 Storm Form               Tmut/Air       0%         N/A       100%        7
 Maxwell's Capacitive Co  Air            0%         ∞         100%        8

Inventory:

Missiles
 b - 373 stones (quivered) {throwing}
 c - 23 boomerangs {throwing}
 m - 5 boomerangs of dispersal {=f!fthrowing}
 p - 44 poisoned darts {throwing}
 x - 3 throwing nets {=f!fthrowing}
 G - 3 curare-tipped darts {=fthrowing}
 H - 20 javelins {throwing}
Armour
 a - a +2 pair of boots (worn)
   (You found it on level 2 of the Dungeon)
 f - the +18 shield of the Gong (worn) {rElec rN+ Will+ EV-5}
   (You bought it in a shop on level 2 of the Dungeon)

   It is deafeningly noisy when blocking attacks.
   EV:        It affects your evasion (-5).
   rElec:     It insulates you from electricity.
   rN:        It protects you from negative energy.
   Will:      It increases your willpower.
 j - a +2 pair of gloves (worn)
   (You found it on level 8 of the Dungeon)
 q - a +0 cloak (worn)
   (You took it off Crazy Yiuf on level 3 of the Dungeon)
 r - a +0 helmet (worn)
   (You found it on level 7 of the Dungeon)
 S - a +10 plate armour of ponderousness (worn)
   (You found it on level 3 of the Lair of Beasts)
Magical Staves
 C - a staff of earth {!astaff}
   (You found it on level 11 of the Dungeon)
Jewellery
 h - the amulet of Mawutuic (around neck) {Reflect Fly Str+4 SH+5 SInv}
   (You acquired it on level 5 of the Dungeon)

   [amulet of reflection]

   It reflects blocked missile attacks.
   Str:       It affects your strength (+4).
   SInv:      It lets you see invisible.
   Fly:       It grants you flight.
   SH:        It affects your SH (+5).
 w - a ring of ice
   (You found it on level 5 of the Dungeon)
 A - a +6 ring of dexterity
   (You found it on level 8 of the Dungeon)
 D - a +4 ring of evasion (right hand)
   (You found it on level 8 of the Dungeon)
 F - an amulet of guardian spirit
   (You found it on level 6 of the Dungeon)
 I - a +4 ring of protection (left hand)
   (You found it on level 7 of the Dungeon)
 O - the amulet of Red Wine {Acrobat rElec}
   (You found it on level 1 of the Lair of Beasts)

   [amulet of the acrobat]

   It increases your evasion while moving and waiting.
   rElec:     It insulates you from electricity.
Wands
 l - a wand of charming (2)
   (You took it off Erolcha on level 1 of the Orcish Mines)
 n - a wand of paralysis (18)
   (You found it on level 8 of the Dungeon)
 o - a wand of acid (3)
   (You found it on level 9 of the Dungeon)
 B - a wand of iceblast (8)
   (You found it on level 11 of the Dungeon)
 J - a wand of flame (48)
   (You found it on level 8 of the Dungeon)
 Q - a wand of polymorph (10)
   (You found it on level 2 of the Lair of Beasts)
 V - a wand of digging (7)
   (You found it on level 5 of the Lair of Beasts)
 W - a wand of mindburst (11)
   (You found it on level 12 of the Dungeon)
Scrolls
 d - 5 scrolls of vulnerability {!r!r}
 e - 3 scrolls of poison {!r}
 g - 3 scrolls of fear
 k - 4 scrolls of teleportation {@r4}
 y - 8 scrolls of identify {@r1}
 z - 4 scrolls of brand weapon
 E - 2 scrolls of fog
 M - 3 scrolls of enchant weapon
 N - 5 scrolls of immolation {!r!r}
 P - a scroll of amnesia
 Y - 2 scrolls of magic mapping {!r}
Potions
 i - 4 potions of resistance
 s - 4 potions of curing {@q1}
 v - 2 potions of haste {@q3}
 L - a potion of might
 R - a potion of flight
 T - a potion of mutation {!q}
 U - 2 potions of brilliance
 Z - a potion of haste {forbidden@q3}
Miscellaneous
 u - a box of beasts
   (You found it on level 6 of the Lair of Beasts)
 K - a condenser vane
   (You found it on level 9 of the Dungeon)
 X - a phial of floods
   (You found it on level 6 of the Lair of Beasts)

Dungeon Overview and Level Annotations

Branches:
Dungeon (13/15)            Temple (1/1) D:4            Lair (6/6) D:9
 Shoals (0/4) Lair:2       Spider (0/4) Lair:4        Slime (0/5) Lair:6
    Orc (2/2) D:10            Elf (0/3) Orc:2        Bailey (visited)
 Vaults: D:13-14

Altars:
Ashenzari
Cheibriados
Dithmenos
Elyvilon
Fedhas
Gozag
Hepliaklqana
Kikubaaqudgha
Makhleb
Nemelex Xobeh
Okawaru
Qazlal
Ru
Sif Muna
Trog
Uskayaw
Vehumet
Wu Jian
Xom
Yredelemnul
Zin
The Shining One
Beogh
Jiyva
Lugonu

Shops:
D:2 *=[*   Orc:2 ??

Annotations:
D:5 3 runed translucent doors, acebull12's ghost, novice KoBr
D:7 1 exclusion
D:9 1 exclusion
D:11 1 runed translucent door, yahweh's ghost, journeyman TrBe
Lair:5 exclusion: 6 electric eels
Lair:6 1 runed translucent door
Orc:1 2 transporters, Gukkel's ghost, journeyman DrGl

#####.#.....<...
#............
##...........
#.###..........
#...###.........
##.....###........
##4#o..#.###.......
##4oo3o....
##...... ##..@#
##..... ##.))##
##.... ##..)##
##... ##.).## ##..
##(#(## ##. #..)##
## ##.#.## ##.
.###...## ##..
..###...## ##..
##[..


You could see 2 orc knights, a soul eater (summoned), an orc high priest
(strong), an orange demon (summoned), an ice devil (summoned) and an orc priest
(strong).


Message History

* * * LOW HITPOINT WARNING * * *
The orc sorcerer hits you but does no damage.
The orc high priest barely misses you.
You hear a shout! x5 😨 HP[-9]
You take 9 damage, and now have 67/137 hp.
You hit the orc sorcerer.
The orc high priest shouts, "Surrender to Beogh and we'll let you live!"
The orc sorcerer no longer looks unusually strong.
You block the ice devil's attack.
PANG!
The orc high priest shouts, "Surrender to Beogh and we'll let you live!"
The orc high priest threatens, "By the altar or by the axe, you will meet Beogh!"
You pummel the orc sorcerer!!
The orc high priest shouts, "Join the one true god or die!"
You block the orc high priest's attack.
PANG!
The orc high priest invokes the aid of Beogh against you.
Beogh smites you!
* * * LOW HITPOINT WARNING * * *
You block the orc sorcerer's attack.
BOUMMMMG!
The ice devil hits you.
* * * LOW HITPOINT WARNING * * *
The ice devil freezes you! You resist.
* * * LOW HITPOINT WARNING * * *
You hear a shout! x2 😨 HP[-21]
You take 21 damage, and now have 46/137 hp.
You hit the orc sorcerer but do no damage.
The orc sorcerer barely misses you. The orc high priest barely misses you.
The orc knight roars a battlecry!
The orc sorcerer goes into a battle-frenzy!
You block the ice devil's attack.
GONNNNG!
You hear a shout! 😨 HP[+1] Unknown command.
Unknown command.
Okay, then.
You barely miss the orc sorcerer. You block the orc high priest's attack.
PANG!
You block the orc sorcerer's attack.
SHROANNG!
The ice devil hits you but does no damage.
The orc high priest threatens, "By the altar or by the axe, you will meet Beogh!"
You hear a shout! 😨 HP[+1]
You pummel the orc sorcerer!!
You kill the orc sorcerer!
Cheibriados appreciates the change of pace. 😨 HP[+1]
Okay, then.
The orc priest threatens, "By the altar or by the axe, you will meet Beogh!"
You punch the orc high priest!
The orc priest no longer looks unusually strong.
The orc high priest no longer looks unusually strong.
The orc priest invokes the aid of Beogh against you.
Beogh smites you!
* * * LOW HITPOINT WARNING * * *
The orc knight roars a battlecry!
The orcs go into a battle-frenzy!
You block the ice devil's attack.
PANG!
You hear a howl! 😨 HP[-12]
You take 12 damage, and now have 37/137 hp.
You punch the orc knight! You block the orc high priest's attack.
GONNNNG!
The orc knight hits you with a +1 battleaxe!
* * * LOW HITPOINT WARNING * * *
You block the orange demon's attack.
GONNNNG!
The ice devil closely misses you.
The orc high priest shouts, "Beogh is our master!
Accept the truth or die!" 😱 HP[-14]
You take 14 damage, and now have 23/137 hp.
You hit the orc knight.
The orc knight no longer looks unusually strong.
You block the orc knight's attack.
PTOANNNG!
The orc high priest invokes the aid of Beogh against you.
Beogh smites you!
* * * LOW HITPOINT WARNING * * *
You block the orange demon's attack.
PTOANNNG!
The ice devil hits you but does no damage. 😱 HP[-13]
You take 13 damage, and now have 10/137 hp.
You hit the orc knight but do no damage.
You block the orc high priest's attack.
BONNNG!
You block the orc knight's attack.
SHROANNG!
The orc knight roars a battlecry!
The orc knight goes into a battle-frenzy!
You block the orange demon's attack.
SHROANNG!
The ice devil hits you.
* * * LOW HITPOINT WARNING * * *
The ice devil freezes you! You resist.
You die...

Skill      XL: |  1  2  3  4  5  6  7  8  9 10 11 12 13 14 15 |
---------------+----------------------------------------------+-----
Armour         | 3 4 5 6 7 9 11 12 14 16 | 16.4
Unarmed Combat | 4 5 6 7 8 9 11 18 19 | 19.7
Throwing       | 1 2 4 5 6 8 |  8.0
Fighting       | 7 11 13 | 13.8
Shields        | 4 6 |  6.5
Dodging        | 3 4 |  4.9

Action                   |  1- 3 |  4- 6 |  7- 9 | 10-12 | 13-15 || total
-------------------------+-------+-------+-------+-------+-------++-------
Melee: Unarmed           |    83 |   167 |   203 |   399 |  1088 ||  1940
Throw: Stone             |    13 |    50 |    41 |   202 |   585 ||   891
Invok: Berserk           |     1 |     6 |     8 |     3 |     3 ||    21
       Trog's Hand       |       |       |     2 |     1 |     1 ||     4
       Brothers in Arms  |       |       |       |       |     1 ||     1
       Bend Time         |       |       |       |       |     1 ||     1
  Use: Potion            |     2 |       |     4 |     3 |     4 ||    13
       Scroll            |       |     8 |     4 |     8 |     7 ||    27
Armor: Animal skin       |     8 |       |       |       |       ||     8
       Plate armour      |    16 |    92 |    68 |   129 |   345 ||   650
       Skin              |       |       |     2 |       |       ||     2
Dodge: Dodged            |    37 |    44 |    43 |    76 |   207 ||   407
Block: Buckler           |       |    55 |   134 |   238 |   243 ||   670
       Reflection        |       |       |     4 |    27 |    26 ||    57
       Other             |       |       |     1 |       |       ||     1
       Kite shield       |       |       |       |       |   880 ||   880

Levels and vault maps discovered:
D:1:      eino_arrival_cavern_a, layout_basic, wad_floor_pattern_2
D:2:      layout_loops_cross, basic_altar, serial_shops, nicolae_shop_crystal,
          nicolae_shop_crystal, nicolae_shop_behind_doors, shop,
          shapermc_ecumenical_altar_notcrosses
D:3:      cheibrodos_helix_gallery, layout_basic, okawaru_trees_2,
          corexii_item_surrounded_by_moat, uniq_crazy_yiuf_cottage
D:4:      layout_rooms, minmay_temple_entry_enclosed_plants
D:5:      layout_loops_ring, dk_xom_monty_hall, gammafunk_ghost_split,
          minmay_misc_feat_x, uniq_grinder, uniq_pikel
D:6:      layout_gridville, mainiacjoe_overflow_cross_hatched,
          mainiacjoe_overflow_swirl, uniq_edmund, uniq_prince_ribbit1,
          uniq_duvessa
D:7:      layout_basic, mainiacjoe_overflow_catwalk, uniq_joseph
D:8:      minmay_the_grid_octo_2x2 [minmay_the_grid_octo_vomiting_pacman,
          minmay_the_grid_octo_odd_swirl, minmay_the_grid_octo_clover_2,
          minmay_the_grid_octo_prize_square_snowflake], layout_loops_ring,
          uniq_erica, uniq_maurice
D:9:      layout_gridville, nicolae_wu_jian_wuxing_cycle, bloody_makhleb,
          erik_lair_island, enter_bailey_5, corexii_checkpoint_a
D:10:     layout_roguey, palyth_temple_overflow_mages,
          mainiacjoe_overflow_alcove_2, nicolae_hepliaklqana_hazy_memory,
          minmay_orc_entry_temple_small
D:11:     layout_roguey, gammafunk_ghost_grave
D:12:     layout_long_grid, zin_academy, uniq_sonja
D:13:     layout_basic, uniq_josephine
Temple:   corrupted_temple
Lair:1:   layout_regular_city
Lair:2:   layout_regular_city, elwin_shoals_entry_rooms,
          portal_ice_cave_demonic_guard, grunt_megastairs_1,
          infiniplex_staircase_pool_2, uniq_urug
Lair:3:   layout_regular_city, lemuel_fruit_tree
Lair:4:   layout_regular_city, spider_nest_entry_funnel_web, st_stairs_8
Lair:5:   layout_layer_cave, serial_bayou_shore_a
Lair:6:   minmay_lair_end_enchanted_forest, layout_cave_pods, slime_altar_2,
          eino_house_with_fridge
Orc:1:    layout_caves, gammafunk_ghost_arena, uniq_erolcha
Orc:2:    pf_orc_diabolical, layout_caves, nicolae_orc_crystal_geode,
          uniq_nessos

Notes
Turn   | Place    | Note
-------+----------+-------------------------------------------
     0 | D:1      | spaghetti the Hill Orc Berserker began the quest for the
                  | Orb.
     0 | D:1      | Reached XP level 1. HP: 19/19 MP: 1/1
     0 | D:1      | magus.rc [v1.9.6]
    30 | D:1      | You fall into a shaft and drop 1 floor!
   124 | D:2      | Found Dear's Assorted Antiques.
   262 | D:2      | Reached XP level 2. HP: 20/26 MP: 2/2
   353 | D:2      | Found Maent's Antique Armour Shop.
   381 | D:2      | Found Fod Onur's Assorted Antiques.
   535 | D:2      | Found Pihe's Jewellery Emporium.
   638 | D:2      | Found a hazy altar of Hepliaklqana.
   896 | D:2      | Found a faded altar of an unknown god.
  1231 | D:3      | Reached skill level 3 in Armour
  1261 | D:3      | Reached skill level 4 in Unarmed Combat
  1261 | D:3      | Reached XP level 3. HP: 30/31 MP: 3/3
  1273 | D:3      | Identified the +6 buckler of Uskayaw's Castigation {rF-
                  | Regen+ Str+3 Slay+2}
  1307 | D:3      | Reached XP level 4. HP: 39/39 MP: 4/4
  1526 | D:3      | HP: 13/58 [gnoll/+0 flail (9)]
  1530 | D:3      | HP: 4/58 [gnoll/+0 spear (4)]
  1542 | D:3      | Reached skill level 4 in Armour
  2114 | D:3      | Found an iron altar of Okawaru.
  2152 | D:3      | Found a runed translucent door.
  2153 | D:3      | Noticed Crazy Yiuf
  2393 | D:3      | Killed Crazy Yiuf
  2394 | D:3      | Reached XP level 5. HP: 40/45 MP: 5/5
  2584 | D:4      | Reached skill level 5 in Unarmed Combat
  2707 | D:4      | Reached ** piety under Trog
  2912 | D:4      | Reached skill level 1 in Throwing
  3208 | D:4      | Found a staircase to the Ecumenical Temple.
  3250 | D:5      | Entered Level 5 of the Dungeon
  3265 | D:5      | Reached XP level 6. HP: 51/51 MP: 6/6
  3288 | D:5      | Reached skill level 5 in Armour
  3313 | D:5      | Noticed acebull12's ghost (novice KoBr)
  3314 | D:5      | Found a runed translucent gate.
  3314 | D:5      | Found a runed translucent gate.
  3314 | D:5      | Found a runed translucent gate.
  3314 | D:5      | Noticed a two-headed ogre
  3425 | D:5      | Noticed Grinder
  3437 | D:5      | Killed Grinder
  3438 | D:5      | Reached skill level 2 in Throwing
  3438 | D:5      | Reached skill level 6 in Unarmed Combat
  3438 | D:5      | Reached XP level 7. HP: 57/57 MP: 7/7
  3495 | D:5      | Reached skill level 3 in Throwing
  3571 | D:5      | You pick up a book of Lightning {forbidden} and begin
                  | reading...
  3571 | D:5      | You add the spells Static Discharge, Lightning Bolt and
                  | Maxwell's Capacitive Coupling to your library.
  3598 | D:5      | Found a shimmering altar of Xom.
  3666 | D:5      | Identified a scroll of acquirement
  3666 | D:5      | Acquired the amulet of Mawutuic {Reflect Fly Str+4 SH+5
                  | SInv}
  3700 | D:5      | Noticed Pikel
  3717 | D:5      | Reached skill level 6 in Armour
  3728 | D:5      | Killed Pikel
  3729 | D:5      | Reached skill level 4 in Throwing
  3729 | D:5      | Reached skill level 7 in Unarmed Combat
  3729 | D:5      | Reached XP level 8. HP: 61/64 MP: 8/8
  4042 | D:5      | Reached skill level 7 in Armour
  4493 | D:6      | Noticed Duvessa
  4495 | D:6      | Noticed Dowan
  4502 | D:6      | Killed Duvessa
  4503 | D:6      | Noticed Prince Ribbit
  4508 | D:6      | Killed Dowan
  4509 | D:6      | Reached skill level 5 in Throwing
  4509 | D:6      | Reached skill level 8 in Unarmed Combat
  4513 | D:6      | HP: 18/96 [Prince Ribbit (9)]
  4520 | D:6      | Killed Prince Ribbit
  4521 | D:6      | Reached XP level 9. HP: 25/70 MP: 9/9
  4617 | D:6      | Reached skill level 8 in Armour
  4620 | D:6      | Noticed Edmund
  4644 | D:5      | Reached *** piety under Trog
  4697 | D:5      | Killed Edmund
  4837 | D:6      | You pick up a book of Flames {forbidden} and begin
                  | reading...
  4837 | D:6      | You add the spells Foxfire, Conjure Flame, Inner Flame and
                  | Flame Wave to your library.
  4929 | D:6      | Found a basalt altar of Yredelemnul.
  4989 | D:6      | Found a snail-covered altar of Cheibriados.
  4998 | D:6      | Found a stormy altar of Qazlal.
  5173 | D:7      | Reached skill level 6 in Throwing
  5199 | D:7      | Found a bloodstained altar of Trog.
  5238 | D:7      | Reached skill level 9 in Unarmed Combat
  5301 | D:7      | Noticed Joseph
  5322 | D:7      | Killed Joseph
  5323 | D:7      | Reached skill level 9 in Armour
  5395 | D:7      | Noticed an unseen horror
  5411 | D:7      | Killed an unseen horror
  5412 | D:7      | Reached XP level 10. HP: 77/77 MP: 10/10
  5450 | D:7      | Reached skill level 7 in Throwing
  5569 | D:7      | Gained mutation: Your flesh is cold resistant. (rC+)
                  | [potion of mutation]
  5569 | D:7      | Gained mutation: Your natural rate of healing is unusually
                  | fast. [potion of mutation]
  5569 | D:7      | Gained mutation: Your mind is acute. (Int +2) [potion of
                  | mutation]
  5569 | D:7      | Gained mutation: You are partially covered in iridescent
                  | scales. (AC +2) [potion of mutation]
  5647 | D:7      | You pick up a book of Callings {forbidden} and begin
                  | reading...
  5647 | D:7      | You add the spells Summon Small Mammal, Call Canine
                  | Familiar and Summon Guardian Golem to your library.
  5792 | D:8      | Reached skill level 10 in Unarmed Combat
  5850 | D:8      | Noticed Erica
  5864 | D:8      | Killed Erica
  5882 | D:8      | Noticed Maurice
  5886 | D:8      | Reached skill level 10 in Armour
  5891 | D:8      | Noticed a centaur warrior
  5893 | D:8      | Noticed a two-headed ogre
  5898 | D:8      | Killed Maurice
  5899 | D:8      | Found a hazy altar of Hepliaklqana.
  5901 | D:8      | Killed a centaur warrior
  5954 | D:8      | Reached skill level 8 in Throwing
  5989 | D:8      | Reached skill level 11 in Unarmed Combat
  6010 | D:8      | Noticed a gargoyle
  6020 | D:8      | Killed a gargoyle
  6021 | D:8      | Reached skill level 11 in Armour
  6021 | D:8      | Reached XP level 11. HP: 80/82 MP: 11/11
  6123 | D:8      | Identified the +1 arbalest of Ascent {elec, Dex+4 SInv}
  6124 | D:8      | You pick up a book of Decay {forbidden} and begin
                  | reading...
  6124 | D:8      | You add the spells Corpse Rot, Dispel Undead and Death
                  | Channel to your library.
  6140 | D:8      | Killed a two-headed ogre
  6170 | D:8      | You pick up a book of Power {forbidden} and begin
                  | reading...
  6170 | D:8      | You add the spells Iskenderun's Battlesphere, Iron Shot and
                  | Spellforged Servitor to your library.
  6174 | D:8      | Identified the +4 mace "Sysovem" {freeze, rElec rC+ Will+
                  | rCorr}
  6253 | D:8      | Reached skill level 12 in Unarmed Combat
  6359 | D:8      | Noticed a boulder beetle
  6371 | D:8      | HP: 6/82 [boulder beetle (44)]
  6380 | D:8      | Killed a boulder beetle
  6586 | D:8      | Reached skill level 13 in Unarmed Combat
  6823 | D:9      | Found a flagged portal.
  6837 | Bailey   | Entered a bailey
  6919 | Bailey   | Reached **** piety under Trog
  7065 | Bailey   | Found a roughly hewn altar of Beogh.
  7065 | Bailey   | Noticed an orc knight
  7077 | Bailey   | Killed an orc knight
  7083 | Bailey   | You add the spells Freeze and Anguish to your library.
  7083 | Bailey   | Got the Almanac of Frigorific Unholy Arts {forbidden}
  7084 | Bailey   | Reached skill level 18 in Unarmed Combat
  7084 | Bailey   | Reached XP level 12. HP: 90/90 MP: 12/12
  7152 | D:9      | Found a burning altar of Makhleb.
  7224 | D:9      | Found a staircase to the Lair.
  7278 | D:9      | Found an ornate altar of the Wu Jian Council.
  7376 | D:9      | Reached skill level 4 in Fighting
  7613 | D:9      | You add the spells Gell's Gravitas, Teleport Other and
                  | Dispersal to your library.
  7754 | D:9      | Reached ***** piety under Trog
  8023 | Lair:1   | Entered Level 1 of the Lair of Beasts
  8037 | Lair:1   | Reached skill level 5 in Fighting
  8048 | Lair:1   | Reached skill level 12 in Armour
  8189 | Lair:1   | Reached skill level 6 in Fighting
  8567 | Lair:1   | Identified the amulet of Red Wine {Acrobat rElec}
  8888 | Lair:2   | Reached skill level 7 in Fighting
  8959 | Lair:2   | Reached XP level 13. HP: 103/105 MP: 13/13
  9032 | Lair:2   | Found a staircase to the Shoals.
  9067 | Lair:2   | Noticed Urug
  9075 | Lair:2   | Killed Urug
  9076 | Lair:2   | Reached skill level 13 in Armour
  9525 | Lair:2   | Reached skill level 8 in Fighting
  9586 | Lair:2   | Found a frozen archway.
 10558 | Lair:4   | Reached skill level 9 in Fighting
 10720 | Lair:4   | Acquired 1128 gold pieces
 10925 | Lair:4   | Reached skill level 14 in Armour
 10940 | Lair:4   | Reached skill level 10 in Fighting
 11040 | Lair:4   | You add the spells Blink, Manifold Assault and Storm Form
                  | to your library.
 11233 | Lair:4   | Found a hole to the Spider Nest.
 11256 | Lair:4   | Received a gift from Trog
 11605 | Lair:5   | You pick up a book of Conjurations {forbidden@e2} and begin
                  | reading...
 11605 | Lair:5   | You add the spells Magic Dart, Searing Ray and Fulminant
                  | Prism to your library.
 12589 | Lair:6   | Entered Level 6 of the Lair of Beasts
 12719 | Lair:6   | Reached skill level 11 in Fighting
 12724 | Lair:6   | Reached XP level 14. HP: 124/124 MP: 14/14
 12850 | Lair:6   | Reached skill level 15 in Armour
 12910 | Lair:6   | Reached skill level 19 in Unarmed Combat
 12920 | Lair:6   | Identified the +1 leather armour of the Carpenter {Harm
                  | rC+}
 12972 | Lair:6   | Reached skill level 12 in Fighting
 13910 | D:2      | Bought the +18 shield of the Gong {rElec rN+ Will+ EV-5}
                  | for 2335 gold pieces
 13910 | D:2      | Found the +18 shield of the Gong {rElec rN+ Will+ EV-5}
 14350 | Lair:6   | Found a runed translucent door.
 14350 | Lair:6   | Found a viscous altar of Jiyva.
 14350 | Lair:6   | Noticed an azure jelly
 14351 | Lair:6   | Found a staircase to the Slime Pits.
 14351 | Lair:6   | Noticed an azure jelly
 14403 | Lair:6   | Reached skill level 1 in Shields
 14509 | Lair:6   | Received a gift from Trog
 14514 | Lair:6   | Reached skill level 13 in Fighting
 14680 | Lair:6   | Reached skill level 2 in Shields
 15107 | Temple   | Entered the Ecumenical Temple
 15258 | D:6      | Fell from the grace of Trog
 15258 | D:6      | Became a worshipper of Cheibriados the Contemplative
 15343 | D:10     | Entered Level 10 of the Dungeon
 15564 | D:10     | Reached * piety under Cheibriados
 15591 | D:10     | Found a staircase to the Orcish Mines.
 15657 | D:10     | Found a roughly hewn altar of Beogh.
 16090 | D:10     | Found a hazy altar of Hepliaklqana.
 16098 | D:10     | Reached skill level 16 in Armour
 16110 | D:10     | Reached skill level 2 in Dodging
 16215 | D:10     | Found a hide-covered altar of Uskayaw.
 16304 | D:10     | Reached ** piety under Cheibriados
 16336 | D:10     | Reached skill level 3 in Shields
 16341 | D:10     | Found an ancient bone altar of Kikubaaqudgha.
 16342 | D:10     | Found a radiant altar of Vehumet.
 16362 | D:10     | Got Vehumet's Papyrus of Conjuration {@e2}
 16371 | D:10     | Found a shimmering blue altar of Sif Muna.
 16500 | D:11     | You pick up a book of Burglary and begin reading...
 16500 | D:11     | You add the spells Passwall, Ensorcelled Hibernation and
                  | Swiftness to your library.
 16596 | D:11     | Reached *** piety under Cheibriados
 16904 | D:11     | Found a runed translucent door.
 16904 | D:11     | Noticed yahweh's ghost (journeyman TrBe)
 17072 | D:12     | Noticed Sonja
 17088 | D:12     | You are cast into the Abyss!
 17088 | D:12     | Cast into level 1 of the Abyss (Sonja)
 17138 | Abyss:2  | Noticed a tentacled starspawn
 17144 | Abyss:2  | Killed a tentacled starspawn
 17319 | Abyss:2  | Noticed a tentacled starspawn
 17327 | Abyss:2  | Killed a tentacled starspawn
 17393 | Abyss:2  | Noticed a starcursed mass
 17449 | Abyss:2  | Noticed a tentacled starspawn
 17452 | Abyss:2  | Noticed a bone dragon
 17456 | Abyss:2  | Noticed a starcursed mass
 17465 | Abyss:2  | Paralysed by accursed screaming for 1 turns
 17470 | Abyss:2  | HP: 32/129 [starcursed mass/accursed screaming (18)]
 17472 | Abyss:2  | Paralysed by accursed screaming for 2 turns
 17474 | Abyss:2  | HP: 14/129 [bone dragon (2)]
 17794 | Abyss:2  | Noticed a tentacled starspawn
 17812 | Abyss:2  | Killed a tentacled starspawn
 17813 | Abyss:2  | Noticed a starcursed mass
 17814 | Abyss:2  | Noticed a Hell Sentinel
 17819 | Abyss:2  | Paralysed by accursed screaming for 1 turns
 17820 | D:12     | You pass through the gate.
 17820 | D:12     | Escaped the Abyss
 17824 | D:12     | Killed Sonja
 17926 | D:12     | Reached skill level 3 in Dodging
 17958 | D:12     | Reached skill level 4 in Shields
 17958 | D:12     | Reached XP level 15. HP: 113/136 MP: 15/15
 18347 | D:12     | Found a glowing silver altar of Zin.
 18787 | D:13     | Noticed Josephine
 18800 | D:13     | Reached **** piety under Cheibriados
 18813 | D:13     | Killed Josephine
 18814 | D:13     | Reached skill level 5 in Shields
 18839 | D:13     | Reached skill level 4 in Dodging
 19630 | Orc:1    | Entered Level 1 of the Orcish Mines
 19812 | Orc:1    | Noticed Gukkel's ghost (journeyman DrGl)
 19856 | Orc:1    | Found a transporter.
 19866 | Orc:1    | Found a transporter.
 19904 | Orc:1    | Noticed Erolcha
 19913 | Orc:1    | Killed Erolcha
 20101 | Orc:2    | Entered Level 2 of the Orcish Mines
 20103 | Orc:2    | Found a staircase to the Elven Halls.
 20103 | Orc:2    | Noticed Nessos
 20106 | Orc:2    | Killed Nessos
 20106 | Orc:2    | Reached ***** piety under Cheibriados
 20142 | Orc:2    | Reached skill level 6 in Shields
 20390 | Orc:2    | Found Asotogis's Magic Scroll Boutique.
 20405 | Orc:2    | Found Feemp's Magic Scroll Shop.
 20519 | Orc:2    | Bought a scroll of enchant armour for 97 gold pieces
 20667 | Orc:2    | HP: 23/137 [orc knight/+1 battleaxe (15)]
 20668 | Orc:2    | HP: 10/137 [orc high priest/divine providence (14)]
 20669 | Orc:2    | Slain by an ice devil

Vanquished Creatures
  3 tentacled starspawn (Abyss:2)
  Nessos (Orc:2)
  An ettin (Orc:1)
  Josephine (D:13)
  3 hydras
  2 boulder beetles
  Erolcha (Orc:1)
  Erica (D:8)
  A centaur warrior (D:8)
  3 two-headed ogres
  4 death yaks (Lair:6)
  A tengu warrior (D:13)
  3 hell hogs (Abyss:2)
  An orc high priest (Orc:2)
  Urug (Lair:2)
  A wretched star (Abyss:2)
  3 skeletal warriors (D:13)
  14 spriggans (Lair:6)
  2 lindwurms (Lair:6)
  3 orc knights
  Pikel (D:5)
  A necromancer (Lair:6)
  2 deep elf pyromancers (D:13)
  3 orc sorcerers (Orc:2)
  4 ugly things
  A manticore (D:13)
  4 slime creatures (D:13)
  An oklob plant (Lair:1)
  2 cyclopes
  16 elephants
  Joseph (D:7)
  2 orange demons (Orc:2)
  2 black mambas
  10 cane toads
  A gargoyle (D:8)
  A smoke demon (Abyss:2)
  2 ice devils (Lair:2)
  4 rime drakes
  3 unseen horrors
  2 kobold demonologists (D:12)
  4 komodo dragons
  2 ancient zymes (Abyss:2)
  2 trolls
  6 hornets
  10 polar bears
  7 blink frogs
  A hornet (shapeshifter) (Abyss:2)
  Prince Ribbit (D:6)
  Grinder (D:5)
  6 dream sheep (Lair:6)
  3 raiju (Abyss:2)
  2 culicivoras (Lair:4)
  2 jumping spiders (Lair:4)
  2 ynoxinuls (Orc:2)
  3 shadows
  2 vampires
  2 wyverns
  7 wraiths
  3 basilisks
  22 yaks
  3 large abominations (Abyss:2)
  4 steam dragons
  14 vampire mosquitoes
  3 neqoxecs (Abyss:2)
  Edmund (D:5)
  2 wargs (Orc:2)
  2 small abominations (Abyss:2)
  An acid dragon (D:12)
  11 water moccasins
  Duvessa (D:6)
  33 orc warriors
  2 ice beasts
  3 sky beasts
  5 black bears
  4 boggarts (Lair:6)
  8 ogres
  A centaur (D:9)
  30 wolves
  A lemure (D:5)
  17 bullfrogs
  2 kobold brigands
  2 necrophages (D:5)
  2 gnoll sergeants
  A scorpion (D:7)
  11 killer bees
  Dowan (D:6)
  5 howler monkeys
  An electric eel (D:9)
  5 hounds
  5 jellies
  Crazy Yiuf (D:3)
  25 orc priests
  2 iron imps (Abyss:2)
  2 gnoll shamans
  4 iguanas
  24 orc wizards
  4 hell rats (Lair:5)
  2 yak simulacra (Lair:6)
  4 polar bear simulacra (Lair:6)
  A wolf simulacrum (Lair:6)
  26 gnolls
  4 adders
  A shadow imp (D:6)
  5 white imps
  3 ufetubi
  A dart slug (D:2)
  93 orcs
  3 ball pythons
  3 endoplasms
  A giant cockroach (D:2)
  9 goblins
  4 hobgoblins
  6 jackals
  2 quokkas
  2 bats (D:3)
  A frilled lizard (D:3)
  17 kobolds
  2 rats
  4 river rat simulacra (Lair:6)
  A starspawn tentacle (Abyss:2)
639 creatures vanquished.

Vanquished Creatures (collateral kills)
  A dream sheep (Lair:6)
1 creature vanquished.

Vanquished Creatures (others)
  Sonja (D:12)
  Maurice (D:8)
  An orc wizard (D:3)
  4 orcs
  18 fungi
  52 plants
  7 starspawn tentacles (Abyss:2)
  2 withered plants (D:11)
86 creatures vanquished.

Grand Total: 726 creatures vanquished

Table legend:
 A = Non-vault XP
 B = Vault XP
 C = Vault XP percentage of total XP
 D = Non-vault monster count
 E = Vault monster count
 F = Vault count percentage of total count
                 A         B        C        D         E       F
            +---------+---------+-------+---------+---------+-------
      Total |   64996 |   34035 |  34.4 |     425 |     216 |  33.7
            +---------+---------+-------+---------+---------+-------
        D:2 |      27 |       0 |   0.0 |      14 |       0 |   0.0
        D:3 |     116 |      45 |  28.0 |      20 |       3 |  13.0
        D:4 |     129 |       0 |   0.0 |      18 |       0 |   0.0
        D:5 |     738 |    1084 |  59.5 |      23 |       5 |  17.9
        D:6 |     656 |     466 |  41.5 |      16 |       3 |  15.8
        D:7 |    1713 |     450 |  20.8 |      24 |       1 |   4.0
        D:8 |    1492 |    5651 |  79.1 |       6 |      26 |  81.2
        D:9 |    1120 |     822 |  42.3 |      20 |      14 |  41.2
       D:10 |    2961 |     820 |  21.7 |      31 |      20 |  39.2
       D:11 |    3460 |       0 |   0.0 |      19 |       0 |   0.0
       D:12 |    4140 |     276 |   6.2 |      23 |       1 |   4.2
       D:13 |    7990 |    1936 |  19.5 |      15 |       6 |  28.6
     Lair:1 |    4378 |       0 |   0.0 |      20 |       0 |   0.0
     Lair:2 |    1617 |    2676 |  62.3 |       6 |       8 |  57.1
     Lair:3 |    2150 |       0 |   0.0 |      13 |       0 |   0.0
     Lair:4 |    8376 |     897 |   9.7 |      26 |       4 |  13.3
     Lair:5 |    4511 |       0 |   0.0 |      17 |       0 |   0.0
     Lair:6 |   15320 |    9713 |  38.8 |      39 |      57 |  59.4
      Orc:1 |    2106 |     851 |  28.8 |      22 |       1 |   4.3
      Orc:2 |    1996 |    7418 |  78.8 |      26 |      46 |  63.9
    Abyss:2 |       0 |       0 |   N/A |      27 |       0 |   0.0
     Bailey |       0 |     930 | 100.0 |       0 |      21 | 100.0
            +---------+---------+-------+---------+---------+-------

Illustrated notes

Table legend:
 A = Kills in this place as a percentage of kills in entire the game.
 B = Kills by you in this place as a percentage of kills by you in the entire game.
 C = Kills by friends in this place as a percentage of kills by friends in the entire game.
 D = Other kills in this place as a percentage of other kills in the entire game.
 E = Experience gained in this place as a percentage of experience gained in the entire game.
 F = Experience gained in this place divided by the number of levels of this place that you have seen.
                   A       B       C       D       E      F
               +-------+-------+-------+-------+-------+----------------------
         Total | 100.0 | 100.0 | 100.0 | 100.0 | 100.0 | 3961.2
       Dungeon |  48.0 |  47.9 |   0.0 | 100.0 |  36.4 | 2776.3
          Lair |  29.6 |  29.7 | 100.0 |   0.0 |  50.1 | 8273.0
  Orcish Mines |  14.8 |  14.9 |   0.0 |   0.0 |  12.5 | 6185.5
         Abyss |   4.2 |   4.2 |   0.0 |   0.0 |   0.0 |   0.0
        Bailey |   3.3 |   3.3 |   0.0 |   0.0 |   0.9 | 930.0
               +-------+-------+-------+-------+-------+----------------------

Table legend: (Time is in decaauts)
 A = Elapsed time spent in this place.
 B = Non-inter-level travel time spent in this place.
 C = Inter-level travel time spent in this place.
 D = Time resting spent in this place.
 E = Time spent auto-exploring this place.
 F = Levels seen in this place.
 G = Mean time per level.
                   A        B        C        D        E       F      G
               +--------+--------+--------+--------+--------+-----+--------+
         Total |  23419 |  20819 |   2600 |    554 |  16080 |  25 |  936.8 |
       Dungeon |  13912 |  11946 |   1966 |    261 |   9367 |  13 | 1070.2 |
        Temple |     44 |     28 |     16 |      0 |     22 |   1 |   44.0 |
          Lair |   6627 |   6102 |    525 |     26 |   5056 |   6 | 1104.5 |
  Orcish Mines |   1651 |   1559 |     92 |      0 |   1142 |   2 |  825.5 |
         Abyss |    889 |    889 |      0 |    266 |    313 |   2 |  444.5 |
        Bailey |    294 |    294 |      0 |      0 |    179 |   1 |  294.0 |
               +--------+--------+--------+--------+--------+-----+--------+

Top non-repeatable levels by time:
  Lair:6: 1595 daAuts
    D:13: 1583 daAuts
     D:3: 1507 daAuts
  Lair:5: 1388 daAuts
     D:5: 1377 daAuts
     D:8: 1334 daAuts
    D:10: 1304 daAuts
     D:2: 1232 daAuts
    D:12: 1227 daAuts
     D:9: 1118 daAuts
  Lair:4: 1076 daAuts
    D:11: 965 daAuts
  Lair:2: 893 daAuts
     D:4: 878 daAuts
 Abyss:2: 862 daAuts
